 Dungeon Crawl Stone Soup version 0.17-a0-2105-gad05798 (webtiles) character file.

798 TruthSerum the Fighter (level 7, -2/68 HPs)
             Began as a Hill Orc Fighter on Oct 18, 2015.
             Was a Follower of Okawaru.
             Slain by an ogre
             ... wielding a +0 giant club
              (5 damage)
             ... on level 5 of the Dungeon.
             The game lasted 00:18:11 (3728 turns).

TruthSerum the Fighter (Hill Orc Fighter)           Turns: 3728, Time: 00:18:11

Health: -2/68      AC:  6    Str: 19    XL:     7   Next: 90%
Magic:  7/7        EV:  7    Int:  8    God:    Okawaru [*.....]
Gold:   173        SH:  9    Dex: 12    Spells: 0 memorised, 6 levels left

rFire  . . .     SeeInvis .     a - +0 flail
rCold  + . .     Clarity  .     b - +0 scale mail
rNeg   . . .     SustAt   .     c - +0 shield
rPois  .         Gourm    .     (no helmet)
rElec  .         Spirit   .     (no cloak)
rCorr  .         Warding  .     (no gloves)
rMut   .         Stasis   .     (no boots)
MR     .....                    h - amulet of regeneration
Stlth  ..........               j - ring of protection from fire
                                d - ring of ice

@: not resistant to hostile enchantments, extremely unstealthy
A: wild magic 1
a: Heroism, Renounce Religion


You were on level 5 of the Dungeon.
You worshipped Okawaru.
Okawaru was aware of your devotion.
You were not hungry.

You visited 1 branch of the dungeon, and saw 5 of its levels.

You collected 173 gold pieces.

Inventory:

Hand Weapons
 a - a +0 flail (weapon)
Missiles
 p - 9 tomahawks (quivered)
Armour
 b - a +0 scale mail (worn)
 c - a +0 shield (worn)
Jewellery
 d - a ring of ice (left hand)
 h - an amulet of regeneration (around neck)
 j - a ring of protection from fire (right hand)
Scrolls
 g - 2 scrolls of amnesia
 i - a scroll of recharging
 l - 3 scrolls of remove curse
 n - 4 scrolls of magic mapping
 r - 2 scrolls of identify {unknown}
 x - a scroll of teleportation {unknown}
Potions
 k - 3 potions of flight {unknown}
 m - 4 potions of agility {unknown}
 o - a potion of brilliance {unknown}
 q - 2 potions of degeneration {unknown}
 s - a potion of resistance {unknown}
Comestibles
 e - 2 bread rations
 f - 2 beef jerkies
 t - 3 fruits
 v - a meat ration
 w - a slice of pizza


   Skills:
 + Level 8.1 Fighting
 + Level 6.9 Maces & Flails
 - Level 3.2 Armour
 - Level 3.2 Shields


You had 6 spell levels left.
You didn't know any spells.

Dungeon Overview and Level Annotations

Branches:
Dungeon (5/15)
 Temple: D:4-7

Altars:
Ashenzari
Dithmenos
Nemelex Xobeh
Okawaru
Ru
Zin


Innate Abilities, Weirdness & Mutations

Your spells are a little harder to cast, but a little more powerful.


Message History

The ogre hits you with a giant club!!
You sock the ogre!
The ogre is moderately wounded.
The ogre hits you but does no damage.
You hit the ogre.
The ogre is moderately wounded.
The ogre hits you with a giant club!!
You hit the ogre.
The ogre is moderately wounded.
The ogre hits you with a giant club!!
* * * LOW HITPOINT WARNING * * *
You sock the ogre!
The ogre is severely wounded.
You completely miss the ogre.
The ogre is severely wounded.
The ogre barely misses you.
You barely miss the ogre.
The ogre is severely wounded.
The ogre hits you with a giant club.
You die...

######
#####....###########
..................(##
........##.####.....#
........##.# ##.....#
.........#.# #......#
...........###......####
.........#......@O......
........######.#######..
........# #.# ........#
#.# ........# #.#
........# ... ........#
... ........## ...
.........#


You could see an ogre.

Vanquished Creatures
  An ice beast (D:5)
  A sky beast (D:4)
  2 ogres
  2 scorpions (D:4)
  A hound (D:4)
  A giant frog skeleton (D:5)
  An orc priest (D:4)
  3 worker ants (D:4)
  2 hound skeletons (D:4)
  6 gnolls
  4 adders
  A worm (D:3)
  An adder skeleton (D:4)
  3 giant geckos
  10 orcs
  A ball python (D:4)
  13 bats
  4 giant cockroaches
  11 goblins
  8 hobgoblins
  6 jackals
  A kobold (D:3)
  2 quokkas
  2 giant newts
  A quokka zombie (D:5)
  A rat (D:1)
89 creatures vanquished.

Notes
Turn   | Place    | Note
--------------------------------------------------------------
     0 | D:1      | TruthSerum the Hill Orc Fighter began the quest for the Orb.
     0 | D:1      | Reached XP level 1. HP: 19/19 MP: 1/1
   138 | D:1      | Reached XP level 2. HP: 27/27 MP: 2/2
   207 | D:1      | Reached skill level 4 in Fighting
   821 | D:1      | Found a sacrificial altar of Ru.
   855 | D:1      | Reached XP level 3. HP: 33/33 MP: 3/3
  1005 | D:2      | Reached XP level 4. HP: 25/41 MP: 4/4
  1144 | D:2      | Found a sparkling altar of Nemelex Xobeh.
  1148 | D:2      | Found a shattered altar of Ashenzari.
  1166 | D:2      | Found a shadowy altar of Dithmenos.
  1166 | D:2      | Found a glowing silver altar of Zin.
  1400 | D:2      | Reached skill level 5 in Fighting
  1508 | D:2      | Found an iron altar of Okawaru.
  1746 | D:3      | Reached XP level 5. HP: 8/48 MP: 5/5
  2509 | D:2      | Became a worshipper of Warmaster Okawaru
  2772 | D:4      | Reached skill level 6 in Fighting
  2772 | D:4      | Reached skill level 5 in Maces & Flails
  2772 | D:4      | Reached XP level 6. HP: 47/57 MP: 6/6
  2808 | D:4      | Noticed a sky beast
  2824 | D:4      | Killed a sky beast
  2830 | D:4      | Gained mutation: Your spells are a little harder to cast, but a little more powerful. [mutagenic meat]
  2913 | D:4      | Reached * piety under Okawaru
  3000 | D:4      | Reached XP level 7. HP: 55/64 MP: 7/7
  3164 | D:4      | Reached skill level 7 in Fighting
  3415 | D:5      | Entered Level 5 of the Dungeon
  3683 | D:5      | Reached skill level 8 in Fighting
  3725 | D:5      | HP: 1/68 [ogre/giant club (23)]
  3728 | D:5      | Slain by an ogre

Vault maps used:
D:1:      sevenhm_arrival_forest_fort_small_6
D:2:      nicolae_overflow_hidden_temple, grunt_temple_overflow_open
D:3:      bh_chokoban
D:5:      kennysheep_mini_moat, first_bread, wad_floor_pattern_1, tso_altar,
          uniq_eustachio

Action                   |  1- 3 |  4- 6 |  7- 9 || total
-------------------------+-------+-------+-------++-------
Melee: Flail             |    94 |   243 |    64 ||   401
  Use: Potion            |       |     1 |       ||     1
       Scroll            |       |     8 |       ||     8
  Eat: Chunk             |       |    11 |     3 ||    14
